 Dungeon Crawl Stone Soup version 0.31-a0-564-g3b7de120b3 (webtiles) character file.

Game seed: 8139271766001872713

388 dialectric the Cudgeller (level 6, -1/48 HPs)
             Began as a Minotaur Wanderer on Aug 17, 2023.
             Slain by Grinder (6 damage)
             ... while paralysed by Grinder
             ... on level 4 of the Dungeon.
             The game lasted 00:03:05 (2686 turns).

dialectric the Cudgeller (Minotaur Wanderer)        Turns: 2686, Time: 00:03:05

Health: -1/48      AC:  6    Str: 16    XL:     6   Next: 49%
Magic:  6/6        EV:  2    Int:  9    God:
Gold:   176        SH:  0    Dex: 12    Spells: 6/7 levels left

rFire   . . .        o - +1 whip (elec)
rCold   . . .        (no shield)
rNeg    . . .        d - +0 leather armour
rPois   .            (helmet restricted)
rElec   .            (no cloak)
rCorr   .            (no gloves)
SInv    .            s - +2 pair of boots
Will    .....        (no amulet)
Stlth   +            (no ring)
HPRegen 0.28/turn    (no ring)
MPRegen 0.10/turn

%: no passive effects
@: paralysed, attractive, invisible
A: horns 2, retaliatory headbutt
a: no special abilities


You were on level 4 of the Dungeon.
You visited 1 branch of the dungeon, and saw 4 of its levels.

You collected 176 gold pieces.

Inventory:

Hand Weapons
 a - a +0 mace
 o - a +1 whip of electrocution (weapon)
 C - a +2 long sword of holy wrath
Missiles
 i - 7 poisoned darts
Armour
 b - a +0 buckler
 d - a +0 leather armour (worn)
 s - a +2 pair of boots (worn)
Talismans
 x - a blade talisman
Wands
 w - a wand of iceblast (12)
Scrolls
 e - a scroll of blinking {unknown}
 f - a scroll of amnesia
 g - a scroll of teleportation {unknown}
 h - 2 scrolls of noise {unknown}
 k - a scroll of enchant armour {unknown}
 l - a scroll of silence {unknown}
 n - a scroll of vulnerability {unknown}
 q - 3 scrolls of identify {unknown}
 t - a scroll of fear {unknown}
 u - a scroll of summoning {unknown}
 v - a scroll of revelation {unknown}
 y - a scroll of immolation
Potions
 c - 3 potions of curing
 j - a potion of haste {unknown}
 p - a potion of brilliance {unknown}
 z - a potion of cancellation {unknown}
 A - a potion of lignification {unknown}
 B - a potion of heal wounds {unknown}


   Skills:
 + Level 2.2 Fighting
 + Level 5.7 Maces & Flails
 + Level 4.2 Armour
 + Level 3.0 Dodging
 - Level 1.0 Stealth
 - Level 1.2 Shields
 - Level 1.0 Spellcasting
 - Level 2.1 Translocations
 - Level 1.0 Evocations


You had 6 spell levels left.
You knew the following spells:

 Your Spells              Type           Power      Damage    Failure   Level
a - Apportation           Tloc           8%         N/A       19%         1

Your spell library contained the following spells:

 Spells                   Type           Power      Damage    Failure   Level
 Momentum Strike          Conj/Tloc      4%         3d8       38%         2
 Gell's Gravitas          Tloc           4%         N/A       47%         3
 Wereblood                Tmut           0%         N/A       54%         2
 Irradiate                Conj/Tmut      0%         3d11      100%        5


Dungeon Overview and Level Annotations

Branches:
Dungeon (4/15)
 Temple: D:4-7

Altars:
Kikubaaqudgha
Wu Jian

Annotations:
D:2 1 runed translucent door, Crazy Yiuf
D:4 Grinder


Innate Abilities, Weirdness & Mutations

You have a pair of horns on your head.
You reflexively headbutt those who attack you in melee.


Message History

You hit Grinder. You headbutt Grinder!
Grinder is moderately wounded.
Grinder hits you.
You writhe in agony.
You hit Grinder. You headbutt Grinder. You punch Grinder, but do no damage.
Grinder is heavily wounded.
Grinder blinks!
Grinder is attracted toward you.
Things that are here:
a +0 scythe; a +0 robe Grinder gestures at you.
You resist with significant effort.
There is an open door here.
Grinder gestures at you.
You barely resist. Grinder misses you. You furiously retaliate!
You headbutt Grinder. You hit Grinder but do no damage.
Grinder is heavily wounded.
Grinder gestures at you.
You suddenly lose the ability to move!
Grinder says, "I used to sell toenails on the black market."
Grinder hits you.
You writhe in agony.
Grinder hits you but does no damage. x2
Grinder hits you.
You writhe in agony.
* * * LOW HITPOINT WARNING * * *
You can move again.
You hit Grinder. You headbutt Grinder!
Grinder is almost dead.
Grinder misses you.
You hit Grinder.
Grinder is almost dead.
You hit Grinder but do no damage. Your headbutt misses Grinder.
Grinder is almost dead.
Grinder gestures at you.
You suddenly lose the ability to move!
Grinder gestures at you. You resist with significant effort. Grinder hits you.
* * * LOW HITPOINT WARNING * * *
You writhe in agony.
You die...

...........###)###.......#..#
...........# #.###.......##.##
...........# #..'.........+..###
...........# ####.........##...##
...........# #...........###'#.
...........# ###.......#####...
...........# #.#+#...#'#.#.....
...........#####...#####...##....
.............)'.@....#......'....
...........####5.?...#.....†##...
...........# #.......#.......#...
####.####### #.......+.......####
#. #.$.....#.......# #.
##......#......## #.
+......#..$...+ #.
##...#####...## #.#+#


You could see Grinder (unable to see you).

Vanquished Creatures
  Sigmund (D:4)
  A scorpion (D:4)
  A jelly (D:4)
  Ijyb (D:3)
  An iguana (D:4)
  2 adders (D:2)
  2 worms (D:3)
  A dart slug (D:1)
  6 orcs (D:4)
  2 bats
  4 endoplasms
  3 giant cockroaches
  3 hobgoblins
  3 jackals (D:1)
  5 kobolds
  3 quokkas
  7 ball pythons
  2 frilled lizards
  4 goblins
  3 rats
55 creatures vanquished.

Notes
Turn   | Place    | Note
-------+----------+-------------------------------------------
     0 | D:1      | dialectric the Minotaur Wanderer began the quest for the
                  | Orb.
     0 | D:1      | dialectric set off with the following items: a +0 mace, a
                  | +0 buckler, a potion of curing, a +0 leather armour; and
                  | the following spell memorised: Apportation; and the
                  | following spells available to memorise: Momentum Strike,
                  | Gell's Gravitas.
     0 | D:1      | Reached XP level 1. HP: 14/14 MP: 1/1
    97 | D:1      | Reached skill level 3 in Maces & Flails
   112 | D:1      | Reached XP level 2. HP: 10/20 MP: 2/2
   704 | D:2      | Reached XP level 3. HP: 27/27 MP: 3/3
   736 | D:2      | Reached skill level 1 in Armour
   839 | D:2      | Found an ornate altar of the Wu Jian Council.
   925 | D:2      | Found a runed translucent door.
   926 | D:2      | Noticed Crazy Yiuf
  1135 | D:2      | Reached skill level 1 in Fighting
  1135 | D:2      | Reached skill level 4 in Maces & Flails
  1612 | D:3      | Noticed Ijyb
  1640 | D:3      | Killed Ijyb
  1641 | D:3      | Reached XP level 4. HP: 16/35 MP: 4/4
  1782 | D:3      | Found a faded altar of an unknown god.
  2469 | D:4      | Found an ancient bone altar of Kikubaaqudgha.
  2477 | D:4      | Reached XP level 5. HP: 28/40 MP: 5/5
  2608 | D:4      | Reached skill level 5 in Maces & Flails
  2651 | D:4      | Noticed Grinder
  2651 | D:4      | Noticed Sigmund
  2660 | D:4      | Paralysed by Grinder for 2 turns
  2668 | D:4      | Killed Sigmund
  2668 | D:4      | Paralysed by Grinder for 2 turns
  2669 | D:4      | Reached XP level 6. HP: 36/48 MP: 6/6
  2677 | D:4      | Paralysed by Grinder for 4 turns
  2684 | D:4      | Paralysed by Grinder for 4 turns
  2686 | D:4      | Slain by Grinder

Illustrated notes

Levels and vault maps discovered:
D:1:      co_arrival_square_in_a_square_in_a_square, layout_basic,
          grunt_decor_arrowhead
D:2:      layout_loops_ring, basic_altar, uniq_crazy_yiuf_cottage
D:3:      layout_basic, hellmonk_ecumenical_altar_blasted, nicolae_wormholes,
          uniq_ijyb
D:4:      nicolae_cairo_tiling_very_big, layout_basic,
          kiku_gazebo_garden_becter, minmay_temple_entry_offerings,
          uniq_grinder, uniq_sigmund

Skill      XL: |  1  2  3  4  5 |
---------------+----------------+-----
Maces & Flails | 3 4 5 |  5.7
Armour         | 1 2 4 |  4.2
Fighting       | 1 2 |  2.2
Dodging        | 2 3 |  3.0
Stealth        | |  1.0
Shields        | |  1.2
Spellcasting   | |  1.0
Translocations | |  2.1
Evocations     | |  1.0

Action                     |  1- 3 |  4- 6 || total
---------------------------+-------+-------++-------
  Melee: Mace              |    46 |       ||    46
         Headbutt          |    12 |     9 ||    21
         Whip              |    38 |    47 ||    85
         Punch             |       |     1 ||     1
    Use: Potion            |       |     2 ||     2
         Scroll            |       |     1 ||     1
   Stab: Sleeping          |     6 |       ||     6
         Invisible         |       |     1 ||     1
 Armour: Leather armour    |    16 |     8 ||    24
  Dodge: Dodged            |    49 |    17 ||    66

Table legend: (Time is in decaauts)
 A = Elapsed time spent in this place.
 B = Non-inter-level travel time spent in this place.
 C = Inter-level travel time spent in this place.
 D = Time resting spent in this place.
 E = Time spent auto-exploring this place.
 F = Levels seen in this place.
 G = Mean time per level.
                   A        B        C        D        E       F      G
               +--------+--------+--------+--------+--------+-----+--------+
         Total |   2684 |   2590 |     94 |      0 |   2169 |   4 |  671.0 |
       Dungeon |   2684 |   2590 |     94 |      0 |   2169 |   4 |  671.0 |
               +--------+--------+--------+--------+--------+-----+--------+

Top non-repeatable levels by time:
     D:3: 878 daAuts
     D:1: 706 daAuts
     D:2: 657 daAuts
     D:4: 443 daAuts
